 Dungeon Crawl Stone Soup version 0.26-a0-835-g8259106e14 (webtiles) character file.

Game seed: 10064221168441271824

376 jasper the Cudgeller (level 6, -1/56 HPs)
             Began as a Palentonga Delver on Nov 17, 2020.
             Was a Follower of the Shining One.
             Slain by a lemure (6 damage)
             ... led by Pikel
             ... on level 3 of the Dungeon.
             The game lasted 00:04:38 (3471 turns).

jasper the Cudgeller (Palentonga Delver)            Turns: 3471, Time: 00:04:39

Health: -1/56      AC:  9    Str: 14 (17) XL:     6   Next: 44%
Magic:  6/6        EV:  7    Int:  7 (10) God:    the Shining One [*.....]
Gold:   205        SH:  0    Dex: 11 (12) Spells: 5/5 levels left

rFire    . . .     SeeInvis +   a - +0 mace
rCold    . . .     Faith    .   (no shield)
rNeg     . . .     Spirit   .   o - +0 scale mail
rPois    .         Reflect  .   (no helmet)
rElec    .         Harm     .   n - +2 cloak
rCorr    .         Rampage  .   (no gloves)
MR       .....                  (no barding)
Stlth    +.........             (no amulet)
HPRegen  0.18/turn              (no ring)
MPRegen  0.10/turn              (no ring)

@: glowing, lightly drained
A: large, rugged brown scales 3, see invisible, deformed body, roll 1, armoured
tail
a: Rolling Charge, Renounce Religion


You were on level 3 of the Dungeon.
You worshipped the Shining One.
The Shining One was aware of your devotion.
You visited 1 branch of the dungeon, and saw 5 of its levels.

You collected 205 gold pieces.

Inventory:

Hand Weapons
 a - a +0 mace (weapon)
Missiles
 l - 97 stones
 m - 5 silver javelins
 u - 3 boomerangs (quivered)
Armour
 b - a +0 leather armour
 j - a +0 cloak
 n - a +2 cloak (worn)
 o - a +0 scale mail (worn)
Jewellery
 p - an uncursed ring of protection from cold {unknown}
Wands
 g - a wand of digging (3)
Scrolls
 c - 2 scrolls of fog
 d - 2 scrolls of magic mapping
 e - 2 scrolls of fear
 f - a scroll of enchant armour {unknown}
 i - 6 scrolls of identify {unknown}
 k - a scroll of immolation {unknown}
 s - a scroll of remove curse {unknown}
 t - 2 scrolls of teleportation {unknown}
Potions
 q - a potion of cancellation
 v - a potion of berserk rage {unknown}
 w - a potion of magic {unknown}


   Skills:
 + Level 4.3(3.9) Fighting
 * Level 5.0(4.6) Maces & Flails
 + Level 2.4(2.0) Armour
 - Level 1.5(1.2) Dodging
 - Level 3.3(2.9) Stealth
 + Level 1.0(0.6) Invocations


You had 5 spell levels left.
You didn't know any spells.
Your spell library contained the following spells:

 Spells                   Type           Power        Failure   Level
 Corona                   Hex            #......      89%         1
 Ensorcelled Hibernation  Hex/Ice        #.....       96%         2
 Confusing Touch          Hex            #.......     99%         3
 Dazzling Flash           Conj/Hex       #.....       99%         3
 Tukima's Dance           Hex            #.......     99%         3


Dungeon Overview and Level Annotations

Branches:
Dungeon (6/15)
 Temple: D:4-7

Altars:
Sif Muna
Yredelemnul
The Shining One

Annotations:
D:4 1 transporter, Pikel


Innate Abilities, Weirdness & Mutations

You are completely covered in rugged brown scales. (AC +3, +7% HP)
You have supernaturally acute eyesight. (SInv)
Armour fits poorly on your strangely shaped body.
You can roll at nearby foes to attack.
You have a long armoured tail.


Message History

You hit the lemure but do no damage.
The lemure is moderately wounded.
The lemure hits you but does no damage.
You hit the lemure.
The lemure is moderately wounded.
You feel less wooden.
Your +2 cloak unmelds from your body.
Your +0 scale mail unmelds from your body.
The lemure hits you.
* * * LOW HITPOINT WARNING * * *
The lemure hits you.
* * * LOW HITPOINT WARNING * * *
You now have 5/56 hp.
You sock the lemure!
Your tail-slap misses the lemure.
The lemure is severely wounded.
The lemure closely misses you.
You hit the lemure but do no damage. You tail-slap the lemure.
The lemure is severely wounded.
The lemure hits you.
You die...

# #.# #######
#.################### ......#
#...................# #####.#
###)############.##.# # #.# #.#
#.##.##### # #.# #.#
#########......... # #<# #.#
#..........####.#. # #.# #.#
#.#######.## ##.## # ##.## #.#
#@# ##.####...# # ##...####.#
#5# ####...##..†.. #....÷....#
#.# #....#.#....†.
###....###.## #.#
#.##......._.. ......## #.# #.#
#.###.##...... ###.### #.# #.#
#.# #.###..... #.######.# #.#
#.# #.####...# #........#
##.###.# #....##.##
########.####>..##.###.........


You could see a lemure.

Vanquished Creatures
  3 lemures (D:4)
  A bullfrog (D:6)
  A scorpion (D:4)
  An orc wizard (D:3)
  A bullfrog skeleton (D:5)
  Terence (D:3)
  3 worker ants
  A howler monkey skeleton (D:5)
  6 adders
  A white imp (D:5)
  2 worms (D:2)
  4 orcs (D:3)
  A ball python (D:2)
  5 bats
  4 giant cockroaches
  4 goblins
  A jackal (D:5)
  A quokka (D:5)
41 creatures vanquished.

Notes
Turn   | Place    | Note
-------+----------+-------------------------------------------
     0 | D:5      | jasper the Palentonga Delver began the quest for the Orb.
     0 | D:5      | Reached XP level 1. HP: 20/20 MP: 1/1
    23 | D:5      | Found a glowing golden altar of the Shining One.
    33 | D:5      | Became a worshipper of the Shining One
   325 | D:5      | Noticed a worker ant
   337 | D:5      | Killed a worker ant
   338 | D:5      | Reached XP level 2. HP: 6/27 MP: 2/2
   611 | D:5      | Reached XP level 3. HP: 21/33 MP: 3/3
   829 | D:5      | Reached skill level 1 in Armour
   895 | D:5      | Reached skill level 3 in Maces & Flails
   952 | D:5      | Reached XP level 4. HP: 40/40 MP: 4/4
  1209 | D:6      | Noticed a phantom
  1209 | D:6      | Noticed a bullfrog
  1217 | D:6      | Killed a bullfrog
  1218 | D:6      | Reached XP level 5. HP: 33/49 MP: 5/5
  1613 | D:6      | Noticed an ice beast
  1699 | D:3      | Reached skill level 4 in Maces & Flails
  1821 | D:3      | Found a basalt altar of Yredelemnul.
  2041 | D:3      | Reached * piety under the Shining One
  2110 | D:3      | Noticed Terence
  2121 | D:3      | Killed Terence
  2758 | D:2      | Reached XP level 6. HP: 50/55 MP: 6/6
  2953 | D:2      | Found a shimmering blue altar of Sif Muna.
  3074 | D:4      | Found a transporter.
  3102 | D:4      | Reached skill level 5 in Maces & Flails
  3102 | D:4      | Reached skill level 1 in Invocations
  3273 | D:4      | Noticed Pikel
  3471 | D:3      | Slain by a lemure

Illustrated notes

Levels and vault maps discovered:
D:2:      layout_loops_ring, general_overflow_altar
D:3:      layout_loops_ring, lemuel_round_altar, uniq_terence
D:4:      layout_basic, xom_teletrap_fun, gammafunk_ghost_smash, uniq_pikel
D:5:      layout_loops_ring, kennysheep_little_box
D:6:      layout_basic, lemuel_coloured_pillars_altar, uniq_grinder

Skill      XL: |  1  2  3  4  5  6 |
---------------+-------------------+-----
Armour         | 1 2 |  2.4
Maces & Flails | 3 4 5 |  5.0
Fighting       | 4 |  4.3
Invocations    | 1 |  1.0
Dodging        | |  1.5
Stealth        | |  3.3

Action                   |  1- 3 |  4- 6 || total
-------------------------+-------+-------++-------
Melee: Mace              |    39 |   141 ||   180
       Tailslap          |     4 |     6 ||    10
Throw: Boomerang         |       |     6 ||     6
       Stone             |       |     1 ||     1
 Abil: Rolling Charge    |     4 |    11 ||    15
  Use: Potion            |     3 |     4 ||     7
Armor: Leather armour    |    12 |    24 ||    36
       Scale mail        |       |    26 ||    26
       Skin              |       |    14 ||    14
Dodge: Dodged            |    16 |    50 ||    66

Table legend: (Time is in decaauts)
 A = Elapsed time spent in this place.
 B = Non-inter-level travel time spent in this place.
 C = Inter-level travel time spent in this place.
 D = Time resting spent in this place.
 E = Time spent auto-exploring this place.
 F = Levels seen in this place.
 G = Mean time per level.
                   A        B        C        D        E       F      G
               +--------+--------+--------+--------+--------+-----+--------+
         Total |   3494 |   3293 |    201 |    648 |   2165 |   5 |  698.8 |
       Dungeon |   3494 |   3293 |    201 |    648 |   2165 |   5 |  698.8 |
               +--------+--------+--------+--------+--------+-----+--------+

Top non-repeatable levels by time:
     D:5: 1249 daAuts
     D:3: 830 daAuts
     D:2: 571 daAuts
     D:4: 445 daAuts
     D:6: 397 daAuts
